 Dungeon Crawl Stone Soup version 0.30-a0-23-ge60ba3568b (webtiles) character file.

Game seed: 16700719839745317560

406 drugrobin the Sneak (level 6, -3/52 HPs)
             Began as a Demigod Delver on Aug 26, 2022.
             Slain by an ogre
             ... wielding a +0 giant club
              (19 damage)
             ... on level 5 of the Dungeon.
             The game lasted 00:13:03 (6168 turns).

drugrobin the Sneak (Demigod Delver)                Turns: 6168, Time: 00:13:03

Health: -3/52      AC:  7    Str: 13    XL:     6   Next: 30%
Magic:  2/8        EV: 11    Int: 16    God:
Gold:   322        SH:  4    Dex: 19    Spells: 1/5 levels left

rFire   . . .      SeeInvis .    a - +0 rapier
rCold   . . .      Faith    .    C - +0 buckler
rNeg    . . .      Spirit   .    N - +1 leather armour {Will+}
rPois   .          Reflect  .    (no helmet)
rElec   .          Harm     .    (no cloak)
rCorr   .          Rampage  .    (no gloves)
Will    ++...                    K - +2 pair of boots
Stlth   +++.......               (no amulet)
HPRegen 0.17/turn                k - ring of willpower
MPRegen 0.11/turn                (no ring)

@: confusing by touch
A: high MP 1, forlorn, divine attributes
a: no special abilities


You were on level 5 of the Dungeon.
You visited 1 branch of the dungeon, and saw 5 of its levels.

You collected 358 gold pieces.
You spent 36 gold pieces at shops.

Inventory:

Hand Weapons
 a - a +0 rapier (weapon)
 n - a +0 short sword
 p - a +0 long sword
 I - a +0 sling
Missiles
 s - 6 boomerangs (quivered)
Armour
 y - a +0 chain mail
 C - a +0 buckler (worn)
 K - a +2 pair of boots (worn)
 N - a +1 leather armour of willpower (worn)
Jewellery
 k - a ring of willpower (left hand)
Wands
 g - a wand of digging (3)
 r - a wand of flame (17)
 F - a wand of paralysis (5)
Scrolls
 b - a scroll of brand weapon {unknown}
 c - a scroll of fog
 d - 2 scrolls of magic mapping
 e - a scroll of fear
 l - 2 scrolls of torment {unknown}
 m - 5 scrolls of teleportation {unknown}
 q - 2 scrolls of poison {unknown}
 t - 8 scrolls of identify {unknown}
 u - a scroll of butterflies {unknown}
 v - 2 scrolls of enchant armour {unknown}
 x - 2 scrolls of noise {unknown}
 A - a scroll of enchant weapon {unknown}
 B - 2 scrolls of amnesia {unknown}
 J - a scroll of immolation {unknown}
 L - a scroll of blinking {unknown}
Potions
 f - a potion of haste
 h - 4 potions of curing {unknown}
 i - 2 potions of attraction {unknown}
 j - a potion of lignification {unknown}
 o - 2 potions of ambrosia {unknown}
 w - a potion of might {unknown}
 z - a potion of experience {unknown}
 D - a potion of flight {unknown}
 E - a potion of cancellation {unknown}
 G - a potion of heal wounds {unknown}
 H - a potion of berserk rage {unknown}
 M - 2 potions of degeneration {unknown}


   Skills:
 - Level 4.0 Fighting
 + Level 4.2 Short Blades
 - Level 1.7 Dodging
 - Level 4.5 Stealth
 + Level 3.5 Hexes


You had one spell level left.
You knew the following spells:

 Your Spells              Type           Power      Damage    Failure   Level
a - Slow                  Hex            44%        N/A       11%         1
b - Confusing Touch       Hex            11%        N/A       32%         3

Your spell library contained the following spells:

 Spells                   Type           Power      Damage    Failure   Level
 Portal Projectile        Hex/Tloc       10%        N/A       54%         3
 Blink                    Tloc           0%         N/A       56%         2
 Call Canine Familiar     Summ           0%         N/A       80%         3
 Vampiric Draining        Necr           0%         2d6       80%         3
 Leda's Liquefaction      Hex/Erth       2%         N/A       91%         4
 Manifold Assault         Tloc           0%         N/A       100%        5
 Storm Form               Tmut/Air       0%         N/A       100%        7


Dungeon Overview and Level Annotations

Branches:
Dungeon (5/15)             Temple (0/1) D:4

Shops:
D:1 (

Annotations:
D:4 Edmund


Innate Abilities, Weirdness & Mutations

You have an increased reservoir of magic. (+10% MP)
You shall have no god before yourself.
Your divine heritage dramatically boosts your attributes as you level up.


Message History

The adder bites you.
You are poisoned.
The adder poisons you!
Unknown command.
You hit the adder but do no damage.
The adder is moderately wounded.
You feel sick. The adder closely misses you.
You barely miss the adder.
The adder is moderately wounded.
You feel sick. You block the adder's attack.
You hit the adder but do no damage.
The adder appears confused.
The adder is moderately wounded.
You feel sick.
You feel sick.
You feel sick.
The adder barely misses itself.
You feel sick.
The adder bites the ogre.
The ogre is poisoned.
The adder poisons the ogre!
You feel sick.
You are no longer poisoned.
The adder bites the ogre.
Casting: Confusing Touch (dangerous; 32% risk of failure)
Confirm with . or Enter, or press ? or * to list all spells.
Your hands begin to glow red.
Aiming: Throw Flame
Press: ? - help, Shift-Dir - straight line, f - ogre
Aim: an ogre, wielding a +0 giant club (heavily wounded, poisoned, chance to confuse on hit: 45%, 85% to hit)
The puff of flame hits the ogre.
The ogre is severely wounded.
Unknown command.
Unknown command.
You hit the ogre but do no damage.
The ogre is severely wounded.
The ogre hits you with a +0 giant club!!
Ouch! That really hurt!
Unknown command.
Unknown command.
You completely miss the ogre.
The ogre is severely wounded.
The ogre hits you with a +0 giant club!!
You die...

####################
#.........).....@O.#
#.################.# #####
#.# #.# #.... #.# #O# ###
#.### #.# #.# ##.####.###
#.# #.####.......... #^#
###########...O.S.####.###
#.# #...........#######
#.# ..# #.#########.###
#.#


You could see an ogre (poisoned).

Vanquished Creatures
  An ogre (D:5)
  A phantom (D:4)
  A scorpion (D:5)
  An orc priest (D:3)
  An iguana (D:4)
  5 adders
  A dart slug (D:1)
  8 orcs
  5 ball pythons
  6 endoplasms
  8 hobgoblins
  7 kobolds
  3 quokkas
  5 bats
  4 frilled lizards
  8 goblins
  5 rats
70 creatures vanquished.

Notes
Turn   | Place    | Note
-------+----------+-------------------------------------------
     0 | D:5      | drugrobin the Demigod Delver began the quest for the Orb.
     0 | D:5      | Reached XP level 1. HP: 18/18 MP: 3/3
    55 | D:5      | Noticed an ogre
   413 | D:5      | Noticed a scorpion
   719 | D:2      | Reached XP level 2. HP: 26/26 MP: 4/4
  1562 | D:1      | Reached XP level 3. HP: 33/33 MP: 5/5
  1583 | D:1      | Found Xecya's Weapon Shop.
  1621 | D:1      | Bought a throwing net for 36 gold pieces
  1936 | D:2      | Learned a level 1 spell: Slow
  2760 | D:3      | Reached skill level 1 in Hexes
  3350 | D:3      | Reached XP level 4. HP: 40/40 MP: 6/6
  4348 | D:4      | Found a staircase to the Ecumenical Temple.
  4619 | D:4      | Noticed a phantom
  4650 | D:4      | Killed a phantom
  4651 | D:4      | Reached XP level 5. HP: 11/46 MP: 7/7
  5053 | D:4      | Noticed Edmund
  5262 | D:4      | Learned a level 3 spell: Confusing Touch
  5905 | D:5      | Reached XP level 6. HP: 42/52 MP: 4/8
  6168 | D:5      | Slain by an ogre

Illustrated notes

Levels and vault maps discovered:
D:1:      minmay_arrival_stair_chambers, layout_basic, serial_shops,
          nicolae_shop_bloodbath_and_beyond
D:2:      layout_loops_corners, dreamdust_ecumenical_altar_grove,
          dreamdust_wishing_well
D:3:      layout_loops_corners
D:4:      layout_gridville, minmay_temple_entry_gardened_gates, uniq_edmund
D:5:      layout_loops_ring, uniq_crazy_yiuf_cottage

Skill      XL: |  1  2  3  4  5  6 |
---------------+-------------------+-----
Fighting       | 3 4 |  4.0
Short Blades   | 2 3 4 |  4.2
Hexes          | 1 2 3 |  3.5
Dodging        | |  1.7
Stealth        | |  4.5

Action                   |  1- 3 |  4- 6 || total
-------------------------+-------+-------++-------
Melee: Rapier            |   124 |   116 ||   240
Throw: Boomerang         |     5 |    14 ||    19
       Throwing net      |       |     2 ||     2
 Cast: Slow              |     5 |     4 ||     9
       Confusing Touch   |       |     6 ||     6
Evoke: Wand              |       |     8 ||     8
 Stab: Sleeping          |    10 |     3 ||    13
       Confused          |       |     4 ||     4
Armor: Leather armour    |    10 |    25 ||    35
       Chain mail        |    30 |       ||    30
Dodge: Dodged            |    48 |    47 ||    95
Block: Buckler           |    11 |    20 ||    31

Table legend: (Time is in decaauts)
 A = Elapsed time spent in this place.
 B = Non-inter-level travel time spent in this place.
 C = Inter-level travel time spent in this place.
 D = Time resting spent in this place.
 E = Time spent auto-exploring this place.
 F = Levels seen in this place.
 G = Mean time per level.
                   A        B        C        D        E       F      G
               +--------+--------+--------+--------+--------+-----+--------+
         Total |   6205 |   5986 |    219 |   1390 |   3004 |   5 | 1241.0 |
       Dungeon |   6205 |   5986 |    219 |   1390 |   3004 |   5 | 1241.0 |
               +--------+--------+--------+--------+--------+-----+--------+

Top non-repeatable levels by time:
     D:3: 1631 daAuts
     D:4: 1588 daAuts
     D:2: 1248 daAuts
     D:1: 1010 daAuts
     D:5: 726 daAuts
